 Dungeon Crawl Stone Soup version 0.17.0-1-g61d176b (webtiles) character file.

1733 septik the Grappler (level 9, 0/76 HPs)
             Began as a Naga Fighter on Nov 7, 2015.
             Was a Follower of Cheibriados.
             Slain by a wight
             ... wielding a +0 dagger
              (4 damage)
             ... on level 7 of the Dungeon.
             The game lasted 00:21:49 (6280 turns).

septik the Grappler (Naga Fighter)                  Turns: 6280, Time: 00:21:49

Health: 0/76       AC:  8    Str: 30    XL:     9   Next: 5%
Magic:  12/12      EV:  6    Int: 12    God:    Cheibriados [*.....]
Gold:   387        SH: 10    Dex: 13    Spells: 0 memorised, 8 levels left

rFire  . . .     SeeInvis +       - Unarmed
rCold  . . .     Clarity  +     a - +0 scale mail
rNeg   . . .     SustAt   .     b - +0 shield
rPois  +         Gourm    .     y - +0 helmet
rElec  .         Spirit   .     (no cloak)
rCorr  .         Warding  .     p - +0 pair of gloves
rMut   .         Stasis   .     (no barding)
MR     +....                    l - amulet of clarity
Stlth  ..........               B - ring of flight
                                (no ring)

@: mighty, very slightly contaminated, drained, invisible, very slow, somewhat
resistant to hostile enchantments, extremely unstealthy
A: see invisible, deformed body, poison resistance, slowness 2, slow metabolism
1, spit poison 2, AC +3
a: Spit Poison, Bend Time, Renounce Religion, Evoke Flight


You were on level 7 of the Dungeon.
You worshipped Cheibriados.
Cheibriados was aware of your devotion.
You were not hungry.

You visited 2 branches of the dungeon, and saw 8 of its levels.

You collected 387 gold pieces.

Inventory:

Missiles
 f - 222 stones (quivered)
Armour
 a - a +0 scale mail (worn)
 b - a +0 shield (worn)
 m - a +0 ring mail
 p - a +0 pair of gloves (worn)
 r - a +0 plate armour
 x - a +1 animal skin
 y - a +0 helmet (worn)
 P - a +4 plate armour
Jewellery
 l - an amulet of clarity (around neck)
 u - an uncursed ring of ice
 A - an uncursed amulet of resist mutation
 B - a ring of flight (right hand)
 C - an uncursed amulet of rage
 L - an uncursed amulet of stasis
 R - an uncursed amulet of the gourmand {unknown}
 S - an uncursed ring of fire {unknown}
 W - an uncursed ring of protection from cold {unknown}
Wands
 v - a wand of random effects (21)
 w - a wand of polymorph (13)
 G - a wand of draining (8)
 N - a wand of enslavement (18)
 O - a wand of heal wounds (5)
 U - a wand of teleportation (4)
Scrolls
 e - 2 scrolls of recharging {unknown}
 i - a scroll of enchant armour {unknown}
 k - 2 scrolls of enchant weapon {unknown}
 o - 7 scrolls of identify
 t - 2 scrolls of remove curse {unknown}
 D - 3 scrolls of teleportation {unknown}
 F - a scroll of fear {unknown}
 H - a scroll of blinking {unknown}
 I - a scroll of random uselessness {unknown}
 K - 2 scrolls of amnesia {unknown}
Potions
 c - a potion of might
 g - 2 potions of invisibility
 h - 2 potions of flight {unknown}
 n - 2 potions of brilliance {unknown}
 q - a potion of mutation {unknown}
 s - 3 potions of haste {unknown}
 z - 3 potions of curing {unknown}
 E - 2 potions of magic {unknown}
 J - 2 potions of agility {unknown}
 M - a potion of ambrosia {unknown}
 Q - a potion of berserk rage {unknown}
 Z - a potion of lignification {unknown}
Books
 V - a book of the Tempests

   Spells                             Type                      Level
   a - Static Discharge               Conjuration/Air              3
   b - Lightning Bolt                 Conjuration/Air              5
   c - Fireball                       Conjuration/Fire             5
   d - Tornado                        Air                          9
   e - Shatter                        Earth                        9
Comestibles
 d - 7 bread rations
 j - 2 meat rations
 T - a royal jelly
 X - 10 chunks of flesh
 Y - a slice of pizza


   Skills:
 - Level 3.2(2.5) Fighting
 - Level 2.4(1.8) Armour
 + Level 4.6(4.0) Shields
 + Level 9.2(8.5) Unarmed Combat
 + Level 4.9(4.2) Invocations


You had 8 spell levels left.
You didn't know any spells.

Dungeon Overview and Level Annotations

Branches:
Dungeon (7/15)             Temple (1/1) D:5

Altars:
Ashenzari
Cheibriados
Elyvilon
Gozag
Kikubaaqudgha
Makhleb
Nemelex Xobeh
Okawaru
Qazlal
Ru
Sif Muna
Trog
Vehumet
Xom
Yredelemnul
Zin
The Shining One


Innate Abilities, Weirdness & Mutations

You cannot wear boots.
Your serpentine skin is tough (AC +3).
You have supernaturally acute eyesight.
Armour fits poorly on your strangely shaped body.
Your system is resistant to poisons.
You cover ground very slowly.
You have a slow metabolism.
You can spit poison.


Message History

You closely miss the wight.
The wight is severely damaged.
You block the wight's attack.
You punch the wight!
You destroy the wight!
Cheibriados appreciates the change of pace.
You start resting.
A wight comes into view. It is wielding a dagger.
Drink which item? (? for menu, Esc to quit)
Okay, then.
Read which item? (? for menu, Esc to quit)
As you read the scroll labeled JUAJUANINEO, it crumbles to dust.
It is a scroll of identify.
Identify which item? (\ to view known items) (? for menu, Esc to quit)
g - 3 potions of invisibility Drink which item? (? for menu, Esc to quit)
You fade into invisibility!
You are very lightly contaminated with residual magic.
The wight hits you but does no damage. The wight hits you with a dagger.
You die...

#.. #...##... .
##.. #....(.#
.####... #.....#
....... #.....##
......#
##......####
......##
#..........#####
z......##
#...######>....##
%..>....######.z.#
###....#
..####.....##)..@#
##...#
###....รท)...#
##.## ##...###...#
#.# #...# ###..#
#.# #...# #..#
#.## #...## #..#
#..# .....# #..#
#..# .....## #..
#..### ###### ..
#....##


You could see a wight.

Vanquished Creatures
  Pikel (D:5)
  An orc warrior (D:7)
  A slave (D:5)
  An ogre (D:5)
  A phantom (D:6)
  2 giant frogs (D:6)
  A scorpion (D:4)
  A water moccasin skeleton (D:5)
  2 wights (D:7)
  A crimson imp (D:5)
  A giant frog zombie (D:5)
  2 hounds
  A jelly (D:7)
  2 orc wizards
  2 iguanas
  A giant frog skeleton (D:6)
  2 orc priests
  5 worker ants
  A worker ant zombie (D:5)
  Robin (D:3)
  11 adders
  An ooze (D:4)
  2 adder skeletons
  4 worms
  4 giant geckos
  11 orcs
  A ball python (D:4)
  6 bats
  5 giant cockroaches
  13 goblins
  7 hobgoblins
  2 jackals (D:6)
  5 kobolds
  2 quokkas
  A giant gecko skeleton (D:7)
  2 giant newts
  3 rats
110 creatures vanquished.

Notes
Turn   | Place    | Note
--------------------------------------------------------------
     0 | D:1      | septik the Naga Fighter began the quest for the Orb.
     0 | D:1      | Reached XP level 1. HP: 21/21 MP: 1/1
   621 | D:2      | Reached XP level 2. HP: 28/28 MP: 2/2
  1050 | D:2      | Reached XP level 3. HP: 29/34 MP: 3/3
  1946 | D:2      | Reached skill level 4 in Unarmed Combat
  1946 | D:2      | Reached XP level 4. HP: 39/42 MP: 4/4
  1983 | D:3      | Noticed Robin
  2030 | D:3      | Killed Robin
  2491 | D:3      | Reached XP level 5. HP: 28/49 MP: 5/5
  2861 | D:3      | Reached skill level 5 in Unarmed Combat
  3543 | D:4      | Reached XP level 6. HP: 56/56 MP: 6/6
  3649 | D:4      | Reached skill level 6 in Unarmed Combat
  3935 | D:5      | Entered Level 5 of the Dungeon
  4083 | D:5      | Reached skill level 7 in Unarmed Combat
  4278 | D:5      | Reached XP level 7. HP: 49/62 MP: 7/7
  4429 | D:5      | Found a staircase to the Ecumenical Temple.
  4438 | Temple   | Entered the Ecumenical Temple
  4537 | Temple   | Became a worshipper of Cheibriados the Contemplative
  4928 | D:5      | Reached skill level 1 in Invocations
  5305 | D:5      | Noticed Pikel
  5325 | D:5      | Killed Pikel
  5325 | D:5      | Reached skill level 8 in Unarmed Combat
  5325 | D:5      | Reached XP level 8. HP: 31/69 MP: 8/10
  5714 | D:6      | Reached * piety under Cheibriados
  5962 | D:6      | Found a sacrificial altar of Ru.
  6134 | D:7      | Reached skill level 9 in Unarmed Combat
  6271 | D:7      | Reached XP level 9. HP: 6/76 MP: 12/12
  6272 | D:7      | HP: 1/76 [wight/morningstar (5)]
  6280 | D:7      | Slain by a wight

Action                   |  1- 3 |  4- 6 |  7- 9 || total
-------------------------+-------+-------+-------++-------
Melee: Unarmed           |   196 |   208 |   189 ||   593
Throw: Stone             |    13 |       |     1 ||    14
 Abil: Spit Poison       |       |    21 |    27 ||    48
  Use: Potion            |       |       |     2 ||     2
       Scroll            |       |       |     1 ||     1
 Stab: Sleeping          |       |     1 |       ||     1
  Eat: Chunk             |     2 |     8 |     7 ||    17
